 Seeded DCSS version 0.30.0-30-g96aa6591b8 (webtiles) character file.

Game seed: 6351066067085065685 (custom seed)

3036 Esekla the Thaumaturge (level 9, -3/46 (47) HPs)
             Began as a Deep Elf Necromancer on June 26, 2023.
             Was a Believer of Vehumet.
             Slain by an ogre
             ... wielding a +0 giant club
              (21 damage)
             ... on level 7 of the Dungeon on June 27, 2023.
             The game lasted 00:42:30 (6390 turns).

Esekla the Thaumaturge (Deep Elf Necromancer)       Turns: 6390, Time: 00:42:31

HP:   -3/46 (47)    AC:  5    Str:  5    XL:     9   Next: 56%
MP:   22/25         EV: 14    Int: 25    God:    Vehumet [**....]
Gold: 398           SH:  0    Dex: 15    Spells: 20/28 levels left

rFire   . . .        c - +4 scimitar
rCold   . . .        (no shield)
rNeg    . . .        n - +0 robe
rPois   .            v - +0 helmet
rElec   .            I - +0 cloak
rCorr   .            l - +0 pair of gloves
SInv    .            (no boots)
Will    .....        z - amulet of magic regeneration
Stlth   +++          (no ring)
HPRegen 0.27/turn    (no ring)
MPRegen 0.59/turn

%: no passive effects
@: lightly drained
A: no striking features
a: Renounce Religion


You were on level 7 of the Dungeon.
You worshipped Vehumet.
Vehumet was pleased with you.
You visited 1 branch of the dungeon, and saw 7 of its levels.

You collected 398 gold pieces.

Inventory:

Hand Weapons
 a - the +5 rapier of the Hero {heavy, rN+ Dex+3}
   (You found it on level 3 of the Dungeon)

   Dex:       It affects your dexterity (+3).
   rN:        It protects you from negative energy.
 c - a +4 scimitar (weapon)
 r - a +4 trident of venom
 s - a +2 vampiric dagger
Missiles
 p - 19 poisoned darts (quivered)
 K - 4 throwing nets
Armour
 l - a +0 pair of gloves (worn)
 n - a +0 robe (worn)
 v - a +0 helmet (worn)
 I - a +0 cloak (worn)
 J - a +0 buckler
Jewellery
 z - an amulet of magic regeneration (around neck)
Wands
 f - a wand of roots (9)
 C - a wand of flame (8)
 H - a wand of mindburst (8)
Scrolls
 d - 2 scrolls of fog {unknown}
 e - 3 scrolls of fear {unknown}
 m - a scroll of immolation {unknown}
 o - 4 scrolls of blinking
 q - 2 scrolls of amnesia {unknown}
 t - 3 scrolls of enchant weapon {unknown}
 w - a scroll of summoning {unknown}
 x - a scroll of enchant armour {unknown}
 y - a scroll of silence {unknown}
 A - a scroll of magic mapping {unknown}
 E - 2 scrolls of teleportation {unknown}
 F - 3 scrolls of identify
 G - 2 scrolls of poison {unknown}
Potions
 b - a potion of magic
 g - 3 potions of brilliance
 h - 2 potions of heal wounds
 i - 4 potions of attraction
 j - a potion of haste
 k - 4 potions of curing
 u - a potion of mutation
 B - a potion of lignification
 D - 2 potions of ambrosia


   Skills:
 - Level 1.5 Fighting
 + Level 3.0 Short Blades
 + Level 1.2 Throwing
 * Level 5.7 Dodging
 + Level 4.6 Stealth
 * Level 1.1 Shields
 * Level 10.1 Spellcasting
 * Level 3.5 Conjurations
 * Level 9.4 Necromancy
 - Level 4.0 Translocations
 + Level 0.4 Evocations


You had 20 spell levels left.
You knew the following spells:

 Your Spells              Type           Power      Damage    Failure   Level
a - Magic Dart            Conj           100%       1d8       1%          1
b - Teleport Other        Tloc           32%        N/A       2%          3
c - Necrotise             Necr           100%       1d9       1%          1
d - Vampiric Draining     Necr           56%        2d10      1%          3

Your spell library contained the following spells:

 Spells                   Type           Power      Damage    Failure   Level
 Sandblast                Erth           24%        2d8       4%          1
 Lesser Beckoning         Tloc           64%        N/A       1%          2
 Animate Dead             Necr           56%        N/A       1%          4
 Gell's Gravitas          Tloc           32%        N/A       2%          3
 Agony                    Necr           56%        N/A       2%          5
 Spider Form              Tmut/Pois      12%        N/A       14%         3
 Cause Fear               Hex            6%         N/A       43%         4
 Summon Mana Viper        Hex/Summ       12%        N/A       80%         5


Dungeon Overview and Level Annotations

Branches:
Dungeon (7/15)             Temple (0/1) D:6

Altars:
Dithmenos
Fedhas
Hepliaklqana
Okawaru
Qazlal
Trog
Vehumet
Zin
The Shining One

Shops:
D:2 =   D:4 (


Message History

Throw: 23 darts (poison)
Press: ? - help, Q - select action, (/) - cycle Shift-Dir - straight line, f/p - ogre
Aim: an ogre, wielding a +0 giant club (75% to hit)
You throw a poisoned dart. The poisoned dart hits the ogre.
The ogre is poisoned.
There is an open door here.
The ogre looks more healthy.
Throw: 22 darts (poison)
Press: ? - help, Q - select action, (/) - cycle Shift-Dir - straight line, f/p - ogre
Aim: an ogre, wielding a +0 giant club (lightly wounded, 75% to hit)
You throw a poisoned dart. The poisoned dart hits the ogre.
The ogre is poisoned.
The ogre is lightly wounded.
Throw: 21 darts (poison)
Press: ? - help, Q - select action, (/) - cycle Shift-Dir - straight line, f/p - ogre
Aim: an ogre, wielding a +0 giant club (lightly wounded, poisoned, 75% to hit)
You throw a poisoned dart.
The poisoned dart barely misses the ogre.
Throw: 20 darts (poison)
Press: ? - help, Q - select action, (/) - cycle Shift-Dir - straight line, f/p - ogre
Aim: an ogre, wielding a +0 giant club (moderately wounded, poisoned, 75% to hit)
Okay, then.
c - a +4 scimitar (weapon)
Throw: 20 darts (poison)
Press: ? - help, Q - select action, (/) - cycle Shift-Dir - straight line, f/p - ogre
Aim: an ogre, wielding a +0 giant club (moderately wounded, poisoned, 73% to hit)
You throw a poisoned dart.
The poisoned dart completely misses the ogre.
You slash the ogre!
The ogre is severely wounded.
The ogre hits you with a +0 giant club!!
Ouch! That really hurt!
Casting: Vampiric Draining (safe; 1% risk of failure)
Confirm with . or Enter, or press ? or * to list all spells.
Aiming: Vampiric Draining (safe; 1% risk of failure)
Press: ? - help, Shift-Dir - straight line, f/p - ogre
Aim: an ogre, wielding a +0 giant club (severely wounded, poisoned)
You draw life force from the ogre!
You feel life coursing into your body.
The ogre hits you with a +0 giant club!!
You die...

#######
......###########################
......'..(..(..O@................
......#....#################'####
####'##....# #####.......
#..##....# #(..'.......
#.###....###########.###.......
#.# #......)..[)..##.# ########
###.# #.....#######.##)# #..
....#######.#<....#.##)# #.#
.........##.##.#..#.##)###### #..


You could see an ogre (poisoned).

Vanquished Creatures
  Pikel (D:6)
  Joseph (D:7)
  A wyvern (D:7)
  Menkaure (D:7)
  An ice beast (D:6)
  A sky beast (D:6)
  2 black bears
  An ogre (D:5)
  A centaur (D:7)
  A phantom (D:7)
  Blork the orc (D:6)
  A kobold brigand (D:6)
  A gnoll sergeant (D:7)
  A bullfrog (D:7)
  2 scorpions (D:5)
  3 wights (D:7)
  A gnoll bouda (D:3)
  6 hounds
  A jelly (D:6)
  Crazy Yiuf (D:7)
  A sleepcap (D:5)
  5 iguanas
  An orc wizard (D:7)
  16 gnolls
  9 adders
  4 white imps
  An ufetubus (D:6)
  A worm (D:4)
  2 dart slugs
  15 orcs
  6 ball pythons
  4 endoplasms
  8 goblins
  5 hobgoblins
  A quokka (D:1)
  4 bats
  4 frilled lizards
  12 kobolds
  A rat (D:2)
129 creatures vanquished.

Notes
Turn   | Place    | Note
-------+----------+-------------------------------------------
     0 | D:1      | Esekla the Deep Elf Necromancer began the quest for the
                  | Orb.
     0 | D:1      | Reached XP level 1. HP: 10/10 MP: 6/6
   345 | D:1      | Reached skill level 5 in Necromancy
   364 | D:1      | Reached XP level 2. HP: 11/14 MP: 8/8
   846 | D:3      | Reached XP level 3. HP: 19/19 MP: 9/9
   852 | D:3      | Learned a level 3 spell: Vampiric Draining
   901 | D:4      | Found a radiant altar of Vehumet.
   905 | D:4      | Became a worshipper of Vehumet
  1045 | D:3      | Identified the +5 rapier of the Hero {heavy, rN+ Dex+3}
  1294 | D:2      | Reached XP level 4. HP: 18/24 MP: 1/11
  1301 | D:2      | Found Renulab's Jewellery Shop.
  1470 | D:2      | Found a faded altar of an unknown god.
  1500 | D:2      | Noticed a black bear
  1528 | D:2      | Killed a black bear
  1529 | D:2      | Reached skill level 1 in Short Blades
  1529 | D:2      | Reached skill level 4 in Spellcasting
  1529 | D:2      | Reached XP level 5. HP: 21/28 MP: 2/13
  1951 | D:3      | Learned a level 3 spell: Teleport Other
  2190 | D:3      | Found a stormy altar of Qazlal.
  2223 | D:3      | Found a hazy altar of Hepliaklqana.
  2225 | D:3      | Found a bloodstained altar of Trog.
  2473 | D:4      | Found Ponaysk's Antique Weapon Boutique.
  2564 | D:4      | Found an iron altar of Okawaru.
  2577 | D:4      | Found a glowing silver altar of Zin.
  2635 | D:4      | Reached * piety under Vehumet
  2635 | D:4      | Offered knowledge of Magic Dart by Vehumet.
  2636 | D:4      | Reached XP level 6. HP: 32/33 MP: 8/15
  2692 | D:4      | Learned a level 1 spell: Magic Dart
  2807 | D:4      | Found a glowing golden altar of the Shining One.
  3031 | D:4      | Reached skill level 5 in Spellcasting
  3283 | D:3      | Reached skill level 1 in Translocations
  3423 | D:5      | Entered Level 5 of the Dungeon
  3608 | D:5      | Reached XP level 7. HP: 10/37 MP: 10/17
  3609 | D:5      | Reached skill level 6 in Spellcasting
  3838 | D:5      | Found a shadowy altar of Dithmenos.
  3882 | D:5      | Got the Parchment of the Lumpy Olives
  3903 | D:5      | Reached skill level 1 in Fighting
  3912 | D:5      | Reached skill level 1 in Throwing
  3912 | D:5      | Reached skill level 1 in Conjurations
  4358 | D:6      | Noticed Blork the orc
  4367 | D:6      | Offered knowledge of Sandblast by Vehumet.
  4832 | D:6      | Reached skill level 7 in Spellcasting
  4832 | D:6      | Reached XP level 8. HP: 39/43 MP: 10/20
  4955 | D:6      | Noticed Pikel
  4984 | D:6      | Killed Pikel
  4985 | D:6      | Reached skill level 8 in Spellcasting
  5167 | D:6      | Found a staircase to the Ecumenical Temple.
  5209 | D:6      | Reached ** piety under Vehumet
  5248 | D:6      | Killed Blork the orc
  5442 | D:6      | Found a blossoming altar of Fedhas.
  5449 | D:6      | Reached skill level 5 in Dodging
  5630 | D:7      | Reached XP level 9. HP: 47/47 MP: 23/23
  5666 | D:7      | Noticed Menkaure
  5671 | D:7      | Killed Menkaure
  5672 | D:7      | Reached skill level 9 in Spellcasting
  5816 | D:7      | Found a runed translucent door.
  5817 | D:7      | Noticed Crazy Yiuf
  5824 | D:7      | Killed Crazy Yiuf
  6121 | D:7      | Noticed Joseph
  6170 | D:7      | Killed Joseph
  6173 | D:7      | Reached skill level 1 in Shields
  6280 | D:7      | Reached skill level 10 in Spellcasting
  6390 | D:7      | Slain by an ogre

Illustrated notes

Levels and vault maps discovered:
D:1:      sevenhm_arrival_forest_fort_small_3, layout_rooms,
          chequers_serial_rivers_room_b, minmay_misc_feat_five
D:2:      layout_loops_ring, dreamdust_ecumenical_altar_angels_and_demons,
          serial_shops, shop
D:3:      layout_basic, grunt_temple_overflow_open, minmay_misc_feat_iff
D:4:      layout_basic, nicolae_overflow_quartered_altars, serial_shops,
          nicolae_diamond_shop
D:5:      layout_loops_ring, lemuel_doored_altar, minmay_misc_feat_rows,
          dreamdust_wishing_well
D:6:      layout_loops_cross, fedhas_altar_fruit_tree,
          minmay_temple_entry_glass, uniq_pikel, uniq_blork_the_orc
D:7:      layout_basic, uniq_menkaure, uniq_joseph, uniq_crazy_yiuf_cottage

Skill      XL: |  1  2  3  4  5  6  7  8  9 |
---------------+----------------------------+-----
Dodging        | 3 4 5 |  5.7
Necromancy     | 5 6 7 8 9 |  9.4
Stealth        | 3 4 |  4.6
Short Blades   | 1 2 3 |  3.0
Spellcasting   | 4 5 7 8 10 | 10.1
Translocations | 1 2 3 4 |  4.0
Fighting       | 1 |  1.5
Throwing       | 1 |  1.2
Conjurations   | 1 2 3 |  3.5
Shields        | 1 |  1.1
Evocations     | |  0.4

Action                     |  1- 3 |  4- 6 |  7- 9 || total
---------------------------+-------+-------+-------++-------
  Melee: Dagger            |    47 |       |     1 ||    48
         Unarmed           |     9 |       |       ||     9
         Short sword       |     8 |       |       ||     8
         Rapier            |     6 |    59 |    83 ||   148
         Punch             |       |       |     4 ||     4
         Scimitar          |       |       |     2 ||     2
  Throw: Dart              |       |    10 |    13 ||    23
   Cast: Vampiric Draining |     5 |    29 |    51 ||    85
         Teleport Other    |       |       |     2 ||     2
  Evoke: Wand              |       |     1 |    19 ||    20
    Use: Potion            |     1 |       |     2 ||     3
         Scroll            |       |       |     6 ||     6
   Stab: Sleeping          |     6 |     8 |    13 ||    27
 Armour: Robe              |     9 |    12 |    26 ||    47
  Dodge: Dodged            |    38 |    68 |    92 ||   198
